 Dungeon Crawl Stone Soup version 0.25-a0-822-g6581751b11 (webtiles) character file.

Game seed: 5898603672227311428, levelgen mode: deterministic

5789 Lavandula the Carver (level 10, -5/51 HPs)
             Began as a Vine Stalker Chaos Knight on Apr 20, 2020.
             Was a Plaything of Xom.
             Slain by an orc warrior
             ... wielding a +0 battleaxe
             ... led by an orc knight
              (12 damage)
             ... on level 1 of the Orcish Mines.
             The game lasted 00:20:09 (5396 turns).

Lavandula the Carver (Vine Stalker Chaos Knight)    Turns: 5396, Time: 00:20:10

Health: -5/51      AC: 12    Str: 16    XL:     10   Next: 79%
Magic:  0/16       EV: 11    Int: 13    God:    Xom [...*..]
Gold:   555        SH:  0    Dex: 17    Spells: 2/16 levels left

rFire    . . .     SeeInvis .   a - +0 falchion (chaos)
rCold    . . .     Gourm    .   (no shield)
rNeg     . . .     Faith    .   b - +2 leather armour
rPois    +         Spirit   +   E - +2 helmet
rElec    .         Reflect  .   N - +1 cloak
rCorr    .         Harm     .   (no gloves)
MR       +....                  (no boots)
Stlth    +++.......             (no amulet)
HPRegen  0.97/turn              A - ring of stealth
MPRegen  0.15/turn              G - ring of poison resistance

@: frozen ramparts, very slightly contaminated, hasted, very quick
A: fangs 3, hooves 1, thin metallic scales 1, thin skeletal structure 1, blurry
vision 1, regeneration 2, robust 1, magic shield, antimagic bite, no potion heal
3, rot immunity
a: Renounce Religion


You were on level 1 of the Orcish Mines.
You worshipped Xom.
You were a favourite toy of Xom.
You were very hungry.

You visited 2 branches of the dungeon, and saw 10 of its levels.

You collected 555 gold pieces.

Inventory:

Hand Weapons
 a - a +0 falchion of chaos (weapon)
 J - a cursed +4 scimitar
Missiles
 n - 4 boomerangs
 v - 2 throwing nets
 y - 6 silver javelins
 P - 27 poisoned darts (quivered)
Armour
 b - a +2 leather armour (worn)
 i - a +0 ring mail
 s - a +0 robe of magic resistance
 t - a +2 robe of magic resistance
 x - a +2 robe of positive energy
 E - a +2 helmet (worn)
 N - a +1 cloak (worn)
Magical Staves
 O - an uncursed staff of energy {unknown}
Jewellery
 A - a ring of stealth (left hand)
 F - an uncursed ring of see invisible
 G - a ring of poison resistance (right hand)
Wands
 r - a wand of disintegration (5)
 w - a wand of enslavement (6)
 z - a wand of flame (23)
 C - a wand of iceblast (11)
Scrolls
 d - 6 scrolls of teleportation
 e - 2 scrolls of remove curse
 l - 2 scrolls of enchant weapon
 p - 2 scrolls of fear
 u - a scroll of magic mapping
 H - a scroll of amnesia {unknown}
 L - a scroll of summoning {unknown}
 M - a scroll of vulnerability {unknown}
 Q - a scroll of blinking {unknown}
Potions
 f - a potion of flight
 h - a potion of degeneration
 j - a potion of ambrosia {unknown}
 k - a potion of stabbing {unknown}
 q - 2 potions of heal wounds
 B - 2 potions of might
 D - a potion of resistance
Comestibles
 c - 21 rations


   Skills:
 - Level 2.6 Fighting
 + Level 12.8 Long Blades
 - Level 1.5 Armour
 - Level 0.7 Dodging
 - Level 3.6 Spellcasting
 - Level 5.9 Ice Magic


You had 2 spell levels left.
You knew the following spells:

 Your Spells              Type           Power        Failure   Level  Hunger
a - Frozen Ramparts       Ice            ###...       7%          3    ###....
b - Ozocubu's Armour      Chrm/Ice       ##......     24%         3    ###....
c - Hailstorm             Conj/Ice       ##......     61%         4    #####..
d - Summon Lightning Spi  Summ/Air       #.......     95%         4    #####..

Your spell library contained the following spells:

 Spells                   Type           Power        Failure   Level  Hunger
 Freeze                   Ice            ###.         2%          1    #......
 Summon Small Mammal      Summ           #...         26%         1    #......
 Call Imp                 Summ           #.......     38%         2    ##.....
 Summon Ice Beast         Ice/Summ       ##......     61%         4    #####..
 Call Canine Familiar     Summ           #.......     63%         3    ###....
 Summon Guardian Golem    Hex/Summ       #.......     63%         3    ###....


Dungeon Overview and Level Annotations

Branches:
Dungeon (9/15)             Temple (0/1) D:7             Orc (1/2) D:9
   Lair: D:8-11

Altars:
Fedhas
Kikubaaqudgha
Sif Muna
Xom

Shops:
D:6 %   D:8 **

Annotations:
D:5 3 runed translucent doors, Glokmah's ghost, novice MiFi
D:8 2 runed translucent doors, exclusion: orange crystal statue


Innate Abilities, Weirdness & Mutations

You have razor-sharp teeth.
You heal very quickly.
When hurt, damage is shared between your health and your magic reserves.
Your bite disrupts and absorbs the magic of your enemies.
Potions cannot restore your health.
You are immune to rotting.
You have large cloven feet.
You are partially covered in thin metallic scales. (AC +2)
You have a somewhat thin skeletal structure. (Dex +2, Stealth)
Scrolls take you a little longer to read.
You are robust. (+10% HP)


Message History

* * * LOW HITPOINT WARNING * * *
The orc closely misses you. The warg barely misses you.
An orc warrior comes into view. It is wielding a +0 short sword.
The wall freezes the orc warrior.
The wall freezes the orc knight.
The warg bites you but does no damage.
Found 15 gold pieces.
Unknown command.
You're too confused!
Unknown command.
Your system rejects the healing.
You feel better.
The wall freezes the orc warrior.
The orc misses you.
Unknown command.
Unknown command.
Really read with blurry vision while enemies are nearby?
Okay, then.
Really read with blurry vision while enemies are nearby?
The wall freezes the orc warrior.
The orc warrior hits you with a +0 battleaxe!
You die...
Xom giggles madly!

##. ##.. #...
_)# ##o## .
#..o#
....#.ho##
.oo..oo@.#
.....h...#
..........#
..........#
.o....#....
......$....#
............
.......$....#


You could see an orc knight, 2 wargs, 6 orc warriors and an orc.

Vanquished Creatures
  A two-headed ogre (D:8)
  Grinder (D:6)
  A hippogriff (D:8)
  Sigmund (D:2)
  A golden eye (D:6)
  2 hungry ghosts (D:8)
  Menkaure (D:4)
  2 water moccasins
  Duvessa (D:6)
  2 ice beasts
  A sky beast (D:8)
  5 orc warriors
  5 ogres
  2 centaurs (D:8)
  2 crocodiles
  Blork the orc (D:4)
  A bullfrog (D:8)
  Dowan (D:6)
  3 scorpions
  5 wights
  A howler monkey (D:7)
  2 crimson imps
  An electric eel (D:9)
  A quasit (D:9)
  A bullfrog zombie (D:6)
  7 orc priests
  A centaur skeleton (D:5)
  3 hounds
  6 iguanas
  7 orc wizards
  2 worker ants
  A howler monkey zombie (D:6)
  9 adders
  2 shadow imps
  3 oozes
  An adder skeleton (D:4)
  2 worms (D:4)
  A dart slug (D:2)
  6 leopard geckos
  41 orcs
  2 bat zombies (D:6)
  3 giant cockroaches
  3 hobgoblins
  6 jackals
  4 kobolds
  A ball python (D:3)
  3 bats
  4 frilled lizards
  9 goblins
  A jackal skeleton (D:7)
  A quokka zombie (D:6)
  6 rats
  2 rat zombies (D:6)
182 creatures vanquished.

Vanquished Creatures (collateral kills)
  Pikel (D:4)
  An ice beast (D:4)
  2 adders (D:4)
4 creatures vanquished.

Vanquished Creatures (others)
  Maurice (D:9)
  An ogre (D:7)
2 creatures vanquished.

Grand Total: 188 creatures vanquished

Notes
Turn   | Place    | Note
-------+----------+-------------------------------------------
     0 | D:1      | Lavandula the Vine Stalker Chaos Knight began the quest for
                  | the Orb.
     0 | D:1      | Reached XP level 1. HP: 11/11 MP: 2/2
    85 | D:1      | Reached skill level 3 in Long Blades
    91 | D:1      | XOM: potion effect (haste)
   163 | D:1      | XOM: noise
   166 | D:1      | Reached XP level 2. HP: 15/16 MP: 1/3
   281 | D:1      | XOM: divination: magic mapping
   348 | D:1      | XOM: potion effect (berserk rage)
   452 | D:2      | Found a blossoming altar of Fedhas.
   553 | D:2      | Reached XP level 3. HP: 15/19 MP: 1/4
   612 | D:2      | XOM: silly message
   865 | D:2      | Reached skill level 4 in Long Blades
   996 | D:2      | Noticed Sigmund
  1012 | D:2      | XOM: divination: detect items
  1031 | D:2      | XOM: silly message
  1031 | D:2      | Killed Sigmund
  1031 | D:2      | Reached skill level 5 in Long Blades
  1031 | D:2      | Gained mutation: Your natural rate of healing is unusually
                  | fast. [Vine Stalker growth]
  1031 | D:2      | Reached XP level 4. HP: 6/23 MP: 1/5
  1031 | D:2      | Reached XP level 5. HP: 7/27 MP: 1/6
  1068 | D:2      | Reached XP level 6. HP: 26/32 MP: 3/7
  1165 | D:2      | XOM: give mutation
  1165 | D:2      | Gained mutation: Your mind is acute. (Int +2) [Xom's grace]
  1181 | D:2      | XOM: torment (20/32 hp)
  1219 | D:2      | XOM: summons 4 hostile demons
  1220 | D:2      | Noticed a ynoxinul
  1220 | D:2      | Noticed a red devil
  1220 | D:2      | Noticed a neqoxec
  1296 | D:3      | Reached skill level 6 in Long Blades
  1406 | D:3      | XOM: noise
  1464 | D:3      | You fall into a shaft and drop 2 floors!
  1464 | D:5      | Entered Level 5 of the Dungeon
  1489 | D:4      | Learned a level 3 spell: Frozen Ramparts
  1569 | D:4      | Noticed a slave
  1569 | D:4      | Noticed a slave
  1570 | D:4      | Noticed Pikel
  1570 | D:4      | Noticed a slave
  1570 | D:4      | Noticed a slave
  1584 | D:4      | Killed Pikel
  1584 | D:4      | Reached XP level 7. HP: 33/35 MP: 2/8
  1627 | D:4      | XOM: smoke on damage
  1737 | D:4      | Noticed Menkaure
  1739 | D:4      | XOM: give mutation
  1739 | D:4      | Gained mutation: You have a somewhat thin skeletal
                  | structure. (Dex +2, Stealth) [Xom's mischief]
  1743 | D:4      | Killed Menkaure
  1743 | D:4      | Reached skill level 5 in Ice Magic
  1755 | D:4      | XOM: draining
  1800 | D:4      | Noticed Blork the orc
  1811 | D:4      | Killed Blork the orc
  1887 | D:4      | XOM: give mutations
  1887 | D:4      | Gained mutation: You have large cloven feet. [Xom's grace]
  1887 | D:4      | Gained mutation: You are robust. (+10% HP) [Xom's grace]
  1901 | D:4      | Gained mutation: You have razor-sharp teeth. [Vine Stalker
                  | growth]
  1901 | D:4      | Reached XP level 8. HP: 39/42 MP: 7/9
  1925 | D:4      | XOM: give mutation
  1925 | D:4      | Gained mutation: You are partially covered in icy blue
                  | scales. (AC +2) [Xom's grace]
  2114 | D:5      | XOM: fog
  2119 | D:5      | Reached skill level 1 in Spellcasting
  2124 | D:5      | Learned a level 3 spell: Ozocubu's Armour
  2328 | D:5      | Found a shimmering blue altar of Sif Muna.
  2510 | D:5      | Learned a level 4 spell: Hailstorm
  2763 | D:5      | Found a runed translucent gate.
  2763 | D:5      | Found a runed translucent gate.
  2763 | D:5      | Found a runed translucent gate.
  2764 | D:5      | Noticed Glokmah's ghost (novice MiFi)
  3094 | D:6      | Reached skill level 7 in Long Blades
  3094 | D:6      | Noticed Dowan
  3095 | D:6      | Noticed Duvessa
  3097 | D:6      | XOM: potion effect (magic)
  3110 | D:6      | Killed Duvessa
  3110 | D:6      | Reached skill level 8 in Long Blades
  3124 | D:6      | Killed Dowan
  3124 | D:6      | Reached XP level 9. HP: 45/47 MP: 13/15
  3306 | D:6      | Noticed Grinder
  3334 | D:6      | Killed Grinder
  3394 | D:6      | Found Utufur's Food Boutique.
  3443 | D:6      | Found an ancient bone altar of Kikubaaqudgha.
  3639 | D:7      | XOM: noise
  3652 | D:7      | Reached skill level 9 in Long Blades
  3709 | D:7      | XOM: cast spell 'Olgreb's Toxic Radiance'
  3722 | D:7      | XOM: cast spell 'Statue Form'
  3743 | D:8      | Reached skill level 10 in Long Blades
  3787 | D:8      | Found Ticijau's Mayhem Merchandise.
  3805 | D:8      | Found the +10 tower shield of Ignorance {rN+ Int-4}
  3808 | D:8      | Found a runed translucent door.
  3814 | D:8      | Noticed an orange crystal statue
  3826 | D:8      | Found a runed translucent door.
  3982 | D:7      | Found a staircase to the Ecumenical Temple.
  4123 | D:7      | XOM: torment (30/47 hp)
  4257 | D:8      | Reached skill level 11 in Long Blades
  4257 | D:8      | Reached XP level 10. HP: 43/51 MP: 14/16
  4310 | D:8      | Found Dule's Assorted Antiques.
  4370 | D:8      | Learned a level 4 spell: Summon Lightning Spire
  4466 | D:8      | Noticed a two-headed ogre
  4475 | D:8      | XOM: summons 3 friendly demons
  4544 | D:8      | XOM: cast spell 'Metabolic Englaciation'
  4557 | D:8      | Killed a two-headed ogre
  4557 | D:8      | Reached skill level 12 in Long Blades
  4683 | D:9      | XOM: god gift: weird runed staff {god gift}
  4684 | D:9      | XOM: polymorph crimson imp -> quasit
  4687 | D:9      | XOM: stat loss: -1 Str (15/16)
  4829 | D:9      | Found a staircase to the Orcish Mines.
  4898 | D:9      | XOM: confusion
  5227 | D:9      | XOM: give mutation
  5227 | D:9      | Lost mutation: Your mind is acute. (Int +2) [Xom's
                  | mischief]
  5333 | Orc:1    | Entered Level 1 of the Orcish Mines
  5333 | Orc:1    | Noticed Maurice
  5343 | D:9      | Killed Maurice
  5361 | Orc:1    | Noticed an orc warlord
  5377 | Orc:1    | XOM: summons 5 hostile demons
  5378 | Orc:1    | Noticed a smoke demon
  5385 | Orc:1    | XOM: confusion
  5386 | Orc:1    | Lost mutation: You are partially covered in icy blue
                  | scales. (AC +2) [potion of mutation]
  5386 | Orc:1    | Lost mutation: You are robust. (+10% HP) [potion of
                  | mutation]
  5386 | Orc:1    | Gained mutation: You heal very quickly. [potion of
                  | mutation]
  5386 | Orc:1    | Gained mutation: You are robust. (+10% HP) [potion of
                  | mutation]
  5386 | Orc:1    | Gained mutation: Scrolls take you a little longer to read.
                  | [potion of mutation]
  5386 | Orc:1    | Gained mutation: You are partially covered in thin metallic
                  | scales. (AC +2) [potion of mutation]
  5387 | Orc:1    | Noticed an orc knight
  5388 | Orc:1    | XOM: scenery: create altars
  5396 | Orc:1    | Slain by an orc warrior

Levels and vault maps discovered:
D:1:      dpeg_arrival_arbitrary_c, layout_basic
D:2:      layout_basic, fedhas_altar_3, first_ration, uniq_sigmund
D:3:      layout_basic, lemuel_doored_altar
D:4:      layout_layer_cave, uniq_blork_the_orc, uniq_menkaure, uniq_pikel
D:5:      layout_basic, gammafunk_ghost_necromancy, led_sif_pool
D:6:      layout_rooms, lemuel_zombie_altar_kikubaaqudgha, serial_shops,
          nicolae_shop_stone, kennysheep_big_empty_room, uniq_duvessa,
          uniq_grinder
D:7:      layout_basic, minmay_temple_entry_wispy, grunt_ministairs_9,
          grunt_ogre_cave
D:8:      layout_rooms, serial_shops, kennysheep_mini, minmay_shop_mayhem,
          chequers_guarded_unrand_ignorance
D:9:      minmay_goldmine, layout_basic, orc_0_dummy, worms_lemuel
Orc:1:    layout_caves, nicolae_orc_flooded_monolith, uniq_maurice

Skill      XL: |  1  2  3  4  5  6  7  8  9 10 |
---------------+-------------------------------+-----
Long Blades    | 3 5 6 8 11 12 | 12.8
Ice Magic      | 4 5 |  5.9
Spellcasting   | 3 |  3.6
Fighting       | |  2.6
Armour         | |  1.5
Dodging        | |  0.7

Action                   |  1- 3 |  4- 6 |  7- 9 | 10-12 || total
-------------------------+-------+-------+-------+-------++-------
Melee: Falchion          |    84 |    80 |   215 |   103 ||   482
       Bite              |    18 |    21 |    66 |    36 ||   141
       Kick              |       |       |    70 |    35 ||   105
Throw: Dart              |       |       |       |     8 ||     8
       Boomerang         |       |       |       |     3 ||     3
       Javelin           |       |       |       |     2 ||     2
 Cast: Frozen Ramparts   |       |     1 |    14 |    10 ||    25
       Hailstorm         |       |       |     1 |       ||     1
       Ozocubu's Armour  |       |       |       |     1 ||     1
Evoke: Wand              |       |       |       |     1 ||     1
  Use: Scroll            |     1 |     1 |     8 |     5 ||    15
       Potion            |     1 |       |     4 |     4 ||     9
 Stab: Paralysed         |     1 |     1 |       |       ||     2
       Invisible         |     1 |       |       |     3 ||     4
       Sleeping          |       |       |     3 |       ||     3
       Petrified         |       |       |     2 |       ||     2
       Petrifying        |       |       |     2 |       ||     2
       Distracted        |       |       |     1 |       ||     1
  Eat: Chunk             |       |     2 |    12 |     6 ||    20
Armor: Leather armour    |    22 |    30 |    62 |    43 ||   157
       Skin              |       |       |    11 |       ||    11
Dodge: Dodged            |    56 |    45 |   102 |    92 ||   295
       Rpst.: Falchion   |    11 |    11 |    27 |    14 ||    63

Table legend:
 A = Non-vault XP
 B = Vault XP
 C = Vault XP percentage of total XP
 D = Non-vault monster count
 E = Vault monster count
 F = Vault count percentage of total count
                 A         B        C        D         E       F
            +---------+---------+-------+---------+---------+-------
      Total |    5844 |    2426 |  29.3 |     158 |      30 |  16.0
            +---------+---------+-------+---------+---------+-------
        D:1 |      25 |       0 |   0.0 |      14 |       0 |   0.0
        D:2 |      60 |     242 |  80.1 |      19 |       1 |   5.0
        D:3 |     116 |       0 |   0.0 |      18 |       0 |   0.0
        D:4 |     175 |     615 |  77.8 |      14 |       3 |  17.6
        D:5 |     421 |       0 |   0.0 |      14 |       0 |   0.0
        D:6 |     536 |     507 |  48.6 |      13 |       7 |  35.0
        D:7 |     724 |     358 |  33.1 |      11 |       7 |  38.9
        D:8 |    2605 |       0 |   0.0 |      29 |       0 |   0.0
        D:9 |    1004 |     704 |  41.2 |      20 |      12 |  37.5
      Orc:1 |     178 |       0 |   0.0 |       6 |       0 |   0.0
            +---------+---------+-------+---------+---------+-------
